 Seeded DCSS version 0.29-a0-82-g837932c90e (webtiles) character file.

Game seed: 10000000000011 (custom seed)

40485 knot the Severer (level 13, -11/160 HPs)
             Began as a Demonspawn Berserker on Feb 5, 2022.
             Was a Priest of Trog.
             Mangled by a two-headed hydra (12 damage)
             ... on level 5 of the Lair of Beasts.
             The game lasted 00:38:37 (24363 turns).

knot the Severer (Demonspawn Berserker)            Turns: 24363, Time: 00:38:40

Health: -11/160    AC: 10    Str: 18    XL:     13   Next: 74%
Magic:  0/23       EV:  9    Int: 18    God:    Trog [***...]
Gold:   642        SH:  0    Dex: 19    Spells: 12/12 levels left

rFire   . . .      SeeInvis .   g - +3 scimitar (flame)
rCold   + . .      Faith    .   (no shield)
rNeg    . . .      Spirit   +   L - +1 chain mail of Urghimes {Fly rPois rC+ Slay-2 Stlth+}
rPois   +          Reflect  .   E - +3 hat of Pondering {ponderous, Will+ MP+10 Int+5}
rElec   .          Harm     .   K - +1 cloak {Stlth+}
rCorr   .          Rampage  .   (gloves unavailable)
Will    ++...                   (no boots)
Stlth   ..........              N - amulet of the acrobat
HPRegen 0.36/turn               A - ring of willpower
MPRegen 0.36/turn               y - +6 ring of dexterity

@: berserking, corroded, flying, studying Fighting, very quick
A: powered by death 1, magic shield, magic regeneration, magic link, sturdy
frame 1, demonic touch 3
a: Renounce Religion, Berserk, Trog's Hand


You were on level 5 of the Lair of Beasts.
You worshipped Trog.
Trog was most pleased with you.
You visited 2 branches of the dungeon, and saw 15 of its levels.

You collected 982 gold pieces.
You spent 340 gold pieces at shops.

Inventory:

Hand Weapons
 g - a +3 scimitar of flaming (weapon)
 B - a +1 battleaxe of freezing
 F - a +3 hand axe
Missiles
 f - 303 stones
 r - 8 poisoned darts (quivered)
 w - 22 sling bullets
 Q - 2 boomerangs
Armour
 q - a +2 robe of fire resistance
 C - a +2 robe of cold resistance
 E - the +3 hat of Pondering (worn) {ponderous, Will+ MP+10 Int+5}
   (You found it on level 8 of the Dungeon)

   Int:       It affects your intelligence (+5).
   MP:        It affects your magic capacity (+10).
   Will:      It increases your willpower.
 K - a +1 cloak of stealth (worn)
 L - the +1 chain mail of Urghimes (worn) {Fly rPois rC+ Slay-2 Stlth+}
   (You bought it in a shop on level 3 of the Dungeon)

   Slay:      It affects your accuracy & damage with ranged weapons and melee
   (-2).
   rC:        It protects you from cold.
   rPois:     It protects you from poison.
   Fly:       It grants you flight.
   Stlth:     It makes you more stealthy.
Jewellery
 d - an amulet of reflection
 h - a ring of resist corrosion
 y - a +6 ring of dexterity (right hand)
 A - a ring of willpower (left hand)
 N - an amulet of the acrobat (around neck)
 R - the amulet of Risuwni {Acrobat Contam Str+7}
   (You found it on level 4 of the Lair of Beasts)

   [amulet of the acrobat]

   It increases your evasion while moving and waiting.
   Str:       It affects your strength (+7).
   Contam:    It causes magical contamination when unequipped.
Wands
 b - a wand of charming (5)
 j - a wand of flame (40)
 o - a wand of polymorph (16)
 v - a wand of iceblast (17)
Scrolls
 c - 3 scrolls of amnesia {unknown}
 m - 5 scrolls of blinking
 n - 2 scrolls of fog {unknown}
 s - 2 scrolls of holy word
 u - 2 scrolls of teleportation
 D - a scroll of magic mapping
 G - a scroll of summoning
 I - a scroll of torment
 M - a scroll of immolation
 P - a scroll of brand weapon
Potions
 a - 3 potions of attraction
 e - 7 potions of curing
 i - 3 potions of might
 k - 3 potions of magic {unknown}
 l - a potion of heal wounds {unknown}
 p - a potion of cancellation {unknown}
 t - 3 potions of brilliance {unknown}
 x - 2 potions of resistance {unknown}
 z - a potion of berserk rage {unknown}
 H - a potion of invisibility {unknown}
 O - a potion of flight {unknown}


   Skills:
 * Level 11.8 Fighting
 * Level 17.1 Axes
 - Level 12.0 Throwing
 - Level 1.7 Armour
 - Level 1.7 Dodging


You had 12 spell levels left.
You didn't know any spells.
Your spell library contained the following spells:

 Spells                   Type           Power      Damage    Failure   Level
 Pain                     Necr           0%         1d4       85%         1
 Sandblast                Erth           0%         2d4       85%         1
 Corpse Rot               Necr/Air       0%         N/A       94%         2
 Ensorcelled Hibernation  Hex/Ice        0%         N/A       94%         2
 Passwall                 Tmut/Erth      0%         N/A       94%         2
 Poisonous Vapours        Pois/Air       0%         N/A       94%         2
 Ozocubu's Armour         Ice            0%         N/A       99%         3
 Stone Arrow              Conj/Erth      0%         3d7       99%         3
 Summon Guardian Golem    Hex/Summ       0%         N/A       99%         3
 Swiftness                Air            0%         N/A       99%         3
 Tukima's Dance           Hex            0%         N/A       99%         3
 Anguish                  Hex/Necr       0%         N/A       100%        4
 Agony                    Necr           0%         N/A       100%        5
 Excruciating Wounds      Necr           0%         N/A       100%        5
 Metabolic Englaciation   Hex/Ice        0%         N/A       100%        5
 Simulacrum               Ice/Necr       0%         N/A       100%        6
 Enfeeble                 Hex            0%         N/A       100%        7
 Orb of Destruction       Conj           0%         9d5       100%        7
 Spellforged Servitor     Conj/Summ      0%         N/A       100%        7


Dungeon Overview and Level Annotations

Branches:
Dungeon (9/15)             Temple (0/1) D:4            Lair (6/6) D:9
  Swamp (0/4) Lair:2       Spider (0/4) Lair:3
  Slime: Lair:5-6       Orc: D:9-12

Altars:
Okawaru
Ru
Uskayaw

Shops:
D:3 [   D:8 :

Annotations:
Lair:3 3 runed translucent doors, fragbeetle's ghost, journeyman TrBe; siradein's ghost, journeyman VSBe


Innate Abilities, Weirdness & Mutations

You regenerate a little health from kills.
When hurt, damage is shared between your health and your magic reserves.
You regenerate magic rapidly.
When low on magic, you restore magic in place of health.
Your movements are slightly less encumbered by armour. (ER -2)
Your touch may irresistibly damage your foes and sap their willpower.


Message History

* * * LOW HITPOINT WARNING * * *
You barely miss the five-headed hydra. The five-headed hydra bites you!
* * * LOW HITPOINT WARNING * * *
The five-headed hydra barely misses you.
The five-headed hydra completely misses you.
The five-headed hydra bites you!
* * * LOW HITPOINT WARNING * * *
The five-headed hydra closely misses you.
You lop one of the five-headed hydra's heads off!
The flame cauterises the wound!
You slash the four-headed hydra! You burn the four-headed hydra.
The four-headed hydra is lightly wounded.
The four-headed hydra bites you but does no damage. x2
The four-headed hydra bites you!
* * * LOW HITPOINT WARNING * * *
The four-headed hydra bites you.
* * * LOW HITPOINT WARNING * * *
You chop one of the four-headed hydra's heads off!
The flame cauterises the wound!
You hit the three-headed hydra. You burn the three-headed hydra.
You touch the three-headed hydra.
You sap its willpower!
The three-headed hydra is moderately wounded.
The three-headed hydra bites you but does no damage.
The three-headed hydra closely misses you.
The three-headed hydra bites you!
* * * LOW HITPOINT WARNING * * *
You barely miss the three-headed hydra.
The three-headed hydra is moderately wounded.
The three-headed hydra bites you!
* * * LOW HITPOINT WARNING * * *
The three-headed hydra barely misses you.
The three-headed hydra misses you.
Unknown command.
You lop one of the three-headed hydra's heads off!
The flame cauterises the wound!
You slash the two-headed hydra! You burn the two-headed hydra.
The two-headed hydra is heavily wounded.
The two-headed hydra bites you but does no damage.
The two-headed hydra bites you!
You die...

####### #...# ####
####.##..# ##..# #.#.
#.......## ##..## ##..
#......## #...######.
##......## ##....#.....
#........######...#.......
#..........##....##.....#.
##.........D....P......##..
#.........@...P......#####.
#.........#.#.#P..#### #..
###......####...P.# #..
#.....<# ##.P..## #.#
##....## #...#.# ###
##....## ##.#### ##.#.#..##
##.P### ###........#
#...#.### ## #.........##
##.......#####.


You could see a two-headed hydra (weak-willed).

Vanquished Creatures
  Rupert (Lair:5)
  Snorg (Lair:3)
  8 hydras
  Harold (D:8)
  Erica (D:8)
  A two-headed ogre (D:8)
  The ghost of sirJeffrey23 the Cleaver, a novice HOMo of Beogh (D:8)
  8 elephants (Lair:3)
  6 black mambas
  16 cane toads
  Joseph (D:7)
  Maggie (Lair:1)
  10 komodo dragons
  4 rime drakes (Lair:5)
  A kobold demonologist (D:5)
  A tyrant leech (Lair:6)
  A polar bear (Lair:4)
  Prince Ribbit (D:8)
  11 blink frogs
  11 dream sheep
  A spriggan (D:5)
  27 yaks
  2 basilisks
  3 vampire mosquitoes (Lair:6)
  An acid dragon (D:9)
  13 water moccasins
  3 orc warriors
  3 black bears
  A necrophage (D:6)
  An ice beast (D:7)
  4 ogres
  A centaur (D:8)
  35 wolves
  A phantom (D:6)
  A kobold brigand (D:7)
  7 scorpions
  2 wyvern zombies (D:7)
  13 bullfrogs
  A wyvern skeleton (D:7)
  Dowan (D:4)
  8 killer bees (D:9)
  9 wights
  3 howler monkeys (D:9)
  2 centaur zombies
  3 orc priests
  3 hounds
  2 jellies
  2 bullfrog skeletons
  3 centaur skeletons
  Ijyb (D:4)
  4 orc wizards
  A scorpion zombie (D:5)
  7 adders
  A shadow imp (D:7)
  A white imp (D:5)
  20 orcs
  6 endoplasms
  2 giant cockroaches
  5 goblins
  5 hobgoblins
  14 jackals
  A quokka (D:4)
  4 ball pythons
  7 bats
  5 frilled lizards
  7 kobolds
  5 rats
338 creatures vanquished.

Vanquished Creatures (others)
  4 bushes (Lair:4)
  65 fungi
  150 plants
  6 withered plants (Lair:3)
225 creatures vanquished.

Grand Total: 563 creatures vanquished

Notes
Turn   | Place    | Note
-------+----------+-------------------------------------------
     0 | D:1      | knot the Demonspawn Berserker began the quest for the Orb.
     0 | D:1      | Reached XP level 1. HP: 18/18 MP: 1/1
   123 | D:1      | Reached skill level 3 in Axes
   225 | D:1      | Gained mutation: You regenerate magic rapidly. [demonic
                  | ancestry]
   225 | D:1      | Reached XP level 2. HP: 18/24 MP: 2/2
   715 | D:1      | Reached ** piety under Trog
  1150 | D:2      | Reached skill level 4 in Axes
  1150 | D:2      | Gained mutation: Your touch may inflict minor irresistible
                  | damage on your foes. [demonic ancestry]
  1150 | D:2      | Reached XP level 3. HP: 24/29 MP: 3/3
  1439 | D:2      | Reached XP level 4. HP: 25/35 MP: 4/4
  1960 | D:3      | Noticed an ogre
  1972 | D:3      | Killed an ogre
  1973 | D:3      | Reached skill level 5 in Axes
  1973 | D:3      | Reached skill level 1 in Throwing
  1973 | D:3      | Reached XP level 5. HP: 41/41 MP: 5/5
  2187 | D:3      | Found Daocsar's Antique Armour Emporium.
  2584 | D:4      | Found a staircase to the Ecumenical Temple.
  2736 | D:4      | Noticed Duvessa
  2737 | D:4      | Noticed Duvessa
  2737 | D:4      | Duvessa changed into Duvessa the scorpion
  2750 | D:4      | Killed Duvessa the scorpion
  2751 | D:4      | Gained mutation: Your touch may inflict irresistible damage
                  | on your foes. [demonic ancestry]
  2751 | D:4      | Reached XP level 6. HP: 47/47 MP: 6/6
  2761 | D:4      | Noticed Dowan
  2838 | D:4      | Killed Dowan
  3206 | D:4      | Noticed Ijyb
  3216 | D:4      | Killed Ijyb
  3819 | D:4      | Reached skill level 6 in Axes
  3840 | D:5      | Entered Level 5 of the Dungeon
  3849 | D:5      | Noticed a kobold demonologist
  3861 | D:5      | Killed a kobold demonologist
  3862 | D:5      | Gained mutation: When hurt, damage is shared between your
                  | health and your magic reserves. [demonic ancestry]
  3862 | D:5      | Reached XP level 7. HP: 52/52 MP: 7/7
  4054 | D:5      | Noticed a spriggan
  4059 | D:5      | Killed a spriggan
  4323 | D:5      | Reached skill level 7 in Axes
  4323 | D:5      | Reached skill level 5 in Throwing
  4458 | D:5      | Gained mutation: You regenerate a little health from kills.
                  | [demonic ancestry]
  4458 | D:5      | Reached XP level 8. HP: 35/58 MP: 5/8
  4944 | D:5      | Found a hide-covered altar of Uskayaw.
  5324 | D:6      | Reached skill level 8 in Axes
  5489 | D:6      | Found an iron altar of Okawaru.
  6351 | D:7      | Found a sacrificial altar of Ru.
  6816 | D:7      | Gained mutation: Your touch may irresistibly damage your
                  | foes and sap their willpower. [demonic ancestry]
  6816 | D:7      | Reached XP level 9. HP: 63/63 MP: 9/9
  7733 | D:7      | Reached skill level 9 in Axes
  7804 | D:7      | Noticed Joseph
  7814 | D:7      | Killed Joseph
  8042 | D:8      | Noticed a two-headed ogre
  8057 | D:8      | Killed a two-headed ogre
  8064 | D:8      | Reached skill level 10 in Axes
  8416 | D:8      | Reached XP level 10. HP: 70/70 MP: 8/10
  8545 | D:8      | Found Yhyquem's Self-Improvement Boutique.
  8624 | D:8      | Found a large runed translucent door.
  8624 | D:8      | Found a large runed translucent door.
  8625 | D:8      | Noticed sirJeffrey23's ghost (novice HOMo)
  8668 | D:8      | Noticed Erica
  8699 | D:8      | Killed Erica
  9029 | D:8      | Noticed Prince Ribbit
  9049 | D:8      | Killed Prince Ribbit
  9186 | D:8      | Found the +3 hat of Pondering {ponderous, Will+ MP+10
                  | Int+5}
  9229 | D:8      | Noticed Harold
  9246 | D:8      | Killed Harold
  9247 | D:8      | Reached skill level 11 in Axes
  9494 | D:8      | Killed sirJeffrey23's ghost
  9495 | D:8      | Reached skill level 10 in Throwing
 10323 | D:9      | Reached *** piety under Trog
 10402 | D:9      | Found a staircase to the Lair.
 11481 | D:3      | Bought a runed cloak for 150 gold pieces
 11481 | D:3      | Bought an ichor-stained chain mail for 190 gold pieces
 11481 | D:3      | Identified the +1 chain mail of Urghimes {Fly rPois rC+
                  | Slay-2 Stlth+} (You bought it in a shop on level 3 of the
                  | Dungeon)
 11644 | Lair:1   | Entered Level 1 of the Lair of Beasts
 11654 | Lair:1   | Noticed a black mamba
 11665 | Lair:1   | Killed a black mamba
 11666 | Lair:1   | Gained mutation: Your movements are slightly less
                  | encumbered by armour. (ER -2) [demonic ancestry]
 11666 | Lair:1   | Reached XP level 11. HP: 75/75 MP: 11/11
 12282 | Lair:1   | Reached skill level 12 in Axes
 12704 | Lair:1   | Noticed a five-headed hydra
 12718 | Lair:1   | Killed a two-headed hydra
 13172 | Lair:1   | Noticed Maggie
 13571 | Lair:1   | Killed Maggie
 13961 | Lair:2   | Found a staircase to the Swamp.
 14295 | Lair:2   | You are sucked into a shaft and drop 1 floor!
 14391 | Lair:3   | Noticed Snorg
 14409 | Lair:3   | Killed Snorg
 14410 | Lair:3   | Reached skill level 13 in Axes
 14570 | Lair:3   | Found a hole to the Spider Nest.
 15074 | Lair:2   | Gained mutation: When low on magic, you restore magic in
                  | place of health. [demonic ancestry]
 15074 | Lair:2   | Reached XP level 12. HP: 81/81 MP: 12/12
 15336 | Lair:2   | Reached skill level 14 in Axes
 16811 | Lair:2   | Noticed a six-headed hydra
 16822 | Lair:2   | Killed a two-headed hydra
 17153 | Lair:3   | Reached skill level 15 in Axes
 17189 | Lair:3   | Found a runed translucent gate.
 17191 | Lair:3   | Found a runed translucent gate.
 17193 | Lair:3   | Found a runed translucent gate.
 17194 | Lair:3   | Noticed siradein's ghost (journeyman VSBe)
 17194 | Lair:3   | Noticed fragbeetle's ghost (journeyman TrBe)
 17220 | Lair:3   | Noticed a seven-headed hydra
 17241 | Lair:3   | Killed a two-headed hydra
 17767 | Lair:3   | HP: 6/121 [komodo dragon (19)]
 18137 | Lair:3   | Identified a scroll of acquirement
 18137 | Lair:3   | Acquired a manual of Fighting
 18972 | Lair:3   | Reached skill level 5 in Fighting
 19515 | Lair:4   | Reached skill level 16 in Axes
 19896 | Lair:4   | Reached **** piety under Trog
 19900 | Lair:4   | Reached XP level 13. HP: 48/94 MP: 13/13
 20056 | Lair:4   | Identified the amulet of Risuwni {Acrobat Contam Str+7}
 21849 | Lair:6   | Entered Level 6 of the Lair of Beasts
 21946 | Lair:6   | Reached skill level 10 in Fighting
 23319 | Lair:5   | Noticed Rupert
 23367 | Lair:5   | Killed Rupert
 23368 | Lair:5   | Reached skill level 17 in Axes
 24362 | Lair:5   | HP: 1/160 [three-headed hydra (9)]
 24363 | Lair:5   | Mangled by a two-headed hydra

Illustrated notes

Levels and vault maps discovered:
D:1:      lordsloth_arrival_two_stooges, layout_basic, grunt_decor_fettered,
          minmay_misc_feat_diagonals, nicolae_concentric_dashed_squares_wild
D:2:      layout_rooms, hangedman_decor_clover_reticule
D:3:      layout_basic, serial_shops, shop, kennysheep_path_1
D:4:      layout_rooms, temple_doors_e, uniq_duvessa, uniq_ijyb
D:5:      layout_loops_cross, nicolae_uskayaw_suspiria, item_on_display_a
D:6:      layout_rooms, nicolae_overflow_hidden_temple, grunt_ministairs_6
D:7:      layout_loops_ring, nicolae_ru_awakened_eye, palyth_stone_intersect,
          minmay_misc_feat_alley, minivault_27, uniq_joseph
D:8:      layout_loops_ring, ebering_ghost_disaster_area,
          nicolae_shop_self_help, uniq_harold, uniq_erica, uniq_prince_ribbit1
D:9:      layout_grid_maze, grunt_lair_entry_orc_guard_hut
Lair:1:   layout_small_grid, minivault_27, grunt_forest_small_clearing_treed,
          uniq_maggie
Lair:2:   layout_cave_pods, swamp_mist_pool
Lair:3:   layout_cave_pods, dummy_spider_entry, gammafunk_ghost_cemetery,
          beast_lair_carwin_4, uniq_snorg
Lair:4:   layout_loops_ring, serial_forest, infiniplex_forest_clump_long,
          infiniplex_forest_clump_small, infiniplex_forest_3_way,
          infiniplex_forest_lined_1
Lair:5:   layout_roguey, grunt_forest_stairs_basic, uniq_rupert
Lair:6:   minmay_lair_end_frog_pond, layout_small_grid,
          dpeg_slime_entry_enclosed_altar

Skill      XL: |  1  2  3  4  5  6  7  8  9 10 11 12 13 |
---------------+----------------------------------------+-----
Axes           | 3 4 5 6 7 8 10 11 13 16 17 | 17.1
Throwing       | 1 2 4 5 7 9 10 12 | 12.0
Fighting       | 6 11 | 11.8
Armour         | |  1.7
Dodging        | |  1.7

Action                   |  1- 3 |  4- 6 |  7- 9 | 10-12 | 13-15 || total
-------------------------+-------+-------+-------+-------+-------++-------
Melee: Hand axe          |   105 |   102 |   234 |   618 |       ||  1059
       Punch             |     1 |       |     5 |     6 |       ||    12
       Touch             |     4 |    13 |    44 |   106 |     9 ||   176
       Scimitar          |       |       |       |    16 |    27 ||    43
       Battleaxe         |       |       |       |   130 |   186 ||   316
Throw: Stone             |       |     9 |       |    53 |    53 ||   115
       Dart              |       |     4 |     1 |    10 |     8 ||    23
       Boomerang         |       |     1 |    82 |    77 |       ||   160
       Throwing net      |       |       |       |     1 |       ||     1
Invok: Berserk           |     2 |     7 |    12 |    27 |     6 ||    54
       Trog's Hand       |       |       |       |     2 |       ||     2
       Brothers in Arms  |       |       |       |       |     2 ||     2
Evoke: Wand              |       |     1 |     1 |     3 |     1 ||     6
  Use: Potion            |       |       |     1 |     1 |       ||     2
       Scroll            |       |       |       |    11 |     6 ||    17
 Stab: Paralysed         |       |       |       |     3 |       ||     3
       Held in net/web   |       |       |       |     1 |       ||     1
       Sleeping          |       |       |       |     1 |       ||     1
Armor: Animal skin       |    24 |    13 |       |       |       ||    37
       Robe              |       |     5 |    36 |    22 |       ||    63
       Chain mail        |       |       |       |   281 |   145 ||   426
       Skin              |       |       |       |     2 |       ||     2
Dodge: Dodged            |    77 |    42 |    96 |   266 |   160 ||   641
Block: Other             |    34 |    29 |    40 |   128 |       ||   231
       Reflection        |       |       |     4 |       |       ||     4

Table legend: (Time is in decaauts)
 A = Elapsed time spent in this place.
 B = Non-inter-level travel time spent in this place.
 C = Inter-level travel time spent in this place.
 D = Time resting spent in this place.
 E = Time spent auto-exploring this place.
 F = Levels seen in this place.
 G = Mean time per level.
                   A        B        C        D        E       F      G
               +--------+--------+--------+--------+--------+-----+--------+
         Total |  25131 |  24372 |    759 |  11300 |  10298 |  15 | 1675.4 |
       Dungeon |  12023 |  11494 |    529 |   4917 |   5233 |   9 | 1335.9 |
          Lair |  13107 |  12877 |    230 |   6383 |   5065 |   6 | 2184.5 |
               +--------+--------+--------+--------+--------+-----+--------+

Top non-repeatable levels by time:
  Lair:3: 3203 daAuts
  Lair:5: 2783 daAuts
  Lair:2: 2469 daAuts
  Lair:1: 2392 daAuts
     D:8: 1823 daAuts
     D:9: 1808 daAuts
  Lair:4: 1729 daAuts
     D:5: 1492 daAuts
     D:7: 1482 daAuts
     D:4: 1413 daAuts
     D:6: 1373 daAuts
     D:1: 1165 daAuts
     D:3: 738 daAuts
     D:2: 725 daAuts
  Lair:6: 528 daAuts
